 Dungeon Crawl Stone Soup version 0.28-a0-384-g9e0c098162 (webtiles) character file.

Game seed: 12160519929658144743

1392 Gwenloh the Carver (level 9, 0/62 HPs)
             Began as a Djinni Cinder Acolyte on Sept 2, 2021.
             Was a High Priest of Ignis.
             Slain by a water moccasin zombie (5 damage)
             ... on level 5 of the Dungeon on Sept 3, 2021.
             The game lasted 00:17:09 (5689 turns).

Gwenloh the Carver (Djinni Cinder Acolyte)          Turns: 5689, Time: 00:17:10

Health: 0/62       AC:  4    Str: 13    XL:     9   Next: 0%
Gold:   135        EV: 12    Int: 15    God:    Ignis [*****.] SH:  0 Dex: 13

rFire   + + +      SeeInvis .   a - -1 falchion (flame)
rCold   . . .      Faith    .   (no shield)
rNeg    . . .      Spirit   .   w - +1 leather armour {rC+}
rPois   ∞          Reflect  .   (no helmet)
rElec   .          Harm     .   (no cloak)
rCorr   .          Rampage  .   (no gloves)
Will    .....                   (boots unavailable)
Stlth   +.........              (no amulet)
HPRegen 0.20/turn               (no ring)
MPRegen 0.00/turn               (no ring)

@: flying
A: sickness immunity, fire resistance 2, cold vulnerability 1, float, innate
caster, hp casting, extra vitality 1
a: Renounce Religion, Sea of Fire, Foxfire Swarm, Rising Flame


You were on level 5 of the Dungeon.
You worshipped Ignis.
Ignis was extremely pleased with you.
You visited 1 branch of the dungeon, and saw 5 of its levels.

You collected 230 gold pieces.
You spent 95 gold pieces at shops.

Inventory:

Hand Weapons
 a - a -1 falchion of flaming (weapon)
Missiles
 p - 53 stones
 q - 38 arrows
Armour
 b - a +0 robe
 i - a +0 ring mail
 w - a +1 leather armour of cold resistance (worn)
Jewellery
 m - an amulet of reflection
 r - a ring of fire
Wands
 h - a wand of polymorph (1)
 y - a wand of digging (6)
Scrolls
 d - a scroll of vulnerability
 g - 3 scrolls of teleportation
 j - a scroll of immolation
 l - a scroll of magic mapping
 u - a scroll of enchant weapon
 v - a scroll of amnesia {unknown}
 z - a scroll of acquirement {unknown}
 A - 3 scrolls of identify
Potions
 c - 4 potions of heal wounds
 e - a potion of ambrosia {unknown}
 f - 2 potions of mutation
 k - 2 potions of curing
 n - 2 potions of brilliance {unknown}
 o - 2 potions of attraction
 s - a potion of cancellation {unknown}
 t - a potion of lignification {unknown}
 x - a potion of degeneration {unknown}


   Skills:
 + Level 4.1 Fighting
 * Level 11.8 Long Blades
 + Level 2.8 Dodging
 + Level 8.0 Spellcasting


You had 13 spell levels left.
You knew the following spells:

 Your Spells              Type           Power      Damage    Failure   Level
a - Scorch                Fire           60%        2d8       1%          2
b - Sandblast             Erth           60%        2d14      1%          1
c - Poisonous Vapours     Pois/Air       60%        N/A       1%          2
d - Slow                  Hex            30%        N/A       1%          2
e - Summon Ice Beast      Ice/Summ       30%        N/A       5%          4
Your spell library was empty.

Dungeon Overview and Level Annotations

Branches:
Dungeon (5/15)
 Temple: D:4-7

Altars:
Yredelemnul
The Shining One

Shops:
D:3 ?==


Innate Abilities, Weirdness & Mutations

You are immune to sickness and miasma.
You are immune to poison.
Your flesh is very heat resistant. (rF++)
You are vulnerable to cold. (rC-)
You float through the air rather than walking.
You learn spells naturally, not from books.
Your magical power is your life essence.
You have superior vitality. (+4 HP)


Message History

The ogre is moderately wounded.
The ogre's fire resistance burns away.
Casting: Scorch (safe; 1% risk of failure)
Confirm with . or Enter, or press ? or * to list all spells.
Aiming: Sandblast (safe; 1% risk of failure)
Press: ? - help, Shift-Dir - straight line, f/p - white imp
Aim: a white imp (81% to hit)
The blast of sand hits the ogre!
The ogre is almost dead.
p - 53 stones The ogre hits you with a +0 giant spiked club!!
* * * LOW HITPOINT WARNING * * *
The ogre is no longer more vulnerable to fire.
You kill the ogre!
The white imp gestures at you. The puff of frost hits you.
* * * LOW HITPOINT WARNING * * *
Your Spellcasting skill increases to level 8!
You have reached level 9!
Your experience leads to an increase in your attributes!
Increase (S)trength, (I)ntelligence, or (D)exterity?
You feel agile.
The power to cast Summon Ice Beast wells up from within.
Spell assigned to 'e'.
Casting: Sandblast (safe; 1% risk of failure)
Confirm with . or Enter, or press ? or * to list all spells.
Flames lash the white imp.
The white imp is burned terribly!
You kill the white imp!
* * * LOW HITPOINT WARNING * * *
Casting: Scorch (safe; 1% risk of failure)
Confirm with . or Enter, or press ? or * to list all spells.
Flames lash the water moccasin zombie.
The water moccasin zombie is almost destroyed.
The water moccasin zombie's fire resistance burns away.
* * * LOW HITPOINT WARNING * * *
The water moccasin zombie barely misses you.
The water moccasin zombie is no longer more vulnerable to fire.
There is a stone staircase leading up here.
The water moccasin zombie bites you.
You die... oo

#≈≈....# ≈#####≈≈....#
≈≈≈≈≈≈≈≈....#
≈≈≈≈≈≈≈≈....#
......P.....####
...............
#...>...... #.#..###..#
##.#@......#
#...Z......# ##+##
#....####... ##
##...###.........##
..###...⌠.......#.##..#
....l.....#.....#.# #
...<.O..###.....#..
#..Z..###...)...#...
##.⌠.## #......##....


You could see a water moccasin zombie.

Vanquished Creatures
  Sigmund (D:3)
  Eustachio (D:4)
  A necrophage (D:4)
  A centaur (D:4)
  2 ogres
  A scorpion (D:3)
  A jelly (D:5)
  An orc priest (D:3)
  2 hounds (D:4)
  Jessica (D:2)
  An iguana (D:4)
  Ijyb (D:3)
  3 orc wizards (D:4)
  5 adders
  3 gnolls (D:3)
  A white imp (D:5)
  2 dart slugs
  5 orcs
  9 ball pythons
  11 endoplasms
  4 giant cockroaches
  11 hobgoblins
  2 quokkas
  7 bats
  2 frilled lizards
  7 goblins
  2 kobolds
  6 rats
94 creatures vanquished.

Vanquished Creatures (others)
  15 foxfires (D:5)
  3 fungi (D:3)
  5 toadstools (D:3)
23 creatures vanquished.

Grand Total: 117 creatures vanquished

Notes
Turn   | Place    | Note
-------+----------+-------------------------------------------
     0 | D:1      | Gwenloh the Djinni Cinder Acolyte began the quest for the
                  | Orb.
     0 | D:1      | Reached XP level 1. HP: 20/20 MP: 0/0
   308 | D:1      | Reached XP level 2. HP: 17/25 MP: 0/0
   540 | D:1      | Reached skill level 3 in Long Blades
   828 | D:1      | Reached XP level 3. HP: 21/30 MP: 0/0
   828 | D:1      | Learned a level 1 spell: Sandblast
   973 | D:1      | Reached skill level 1 in Dodging
  1761 | D:2      | Noticed Jessica
  1779 | D:2      | Killed Jessica
  1780 | D:2      | Reached XP level 4. HP: 7/35 MP: 0/0
  2422 | D:2      | Found a faded altar of an unknown god.
  2538 | D:2      | Reached XP level 5. HP: 38/40 MP: 0/0
  2538 | D:2      | Learned a level 2 spell: Poisonous Vapours
  2847 | D:3      | Found Odokuhen's Magic Scroll Emporium.
  2855 | D:3      | Bought a scroll of identify for 20 gold pieces
  2860 | D:3      | Bought a scroll of identify for 20 gold pieces
  2860 | D:3      | Bought a scroll of identify for 20 gold pieces
  2862 | D:3      | Bought a scroll of magic mapping for 35 gold pieces
  2862 | D:3      | Reached skill level 11 in Long Blades
  2862 | D:3      | Reached XP level 6. HP: 46/46 MP: 0/0
  2863 | D:3      | Reached XP level 7. HP: 50/50 MP: 0/0
  2863 | D:3      | Learned a level 2 spell: Slow
  3022 | D:3      | Noticed Ijyb
  3039 | D:3      | Killed Ijyb
  3431 | D:3      | Found Kingamet's Jewellery Shop.
  3448 | D:3      | Found Ramoly's Jewellery Shoppe.
  3646 | D:3      | Found a glowing golden altar of the Shining One.
  3737 | D:3      | Noticed Sigmund
  3815 | D:3      | Killed Sigmund
  3818 | D:3      | Reached XP level 8. HP: 27/58 MP: 0/0
  4157 | D:4      | Noticed Eustachio
  4188 | D:4      | Killed Eustachio
  5156 | D:4      | Found a basalt altar of Yredelemnul.
  5517 | D:5      | Entered Level 5 of the Dungeon
  5683 | D:5      | Reached XP level 9. HP: 8/62 MP: 0/0
  5683 | D:5      | Learned a level 4 spell: Summon Ice Beast
  5689 | D:5      | Slain by a water moccasin zombie

Illustrated notes

Levels and vault maps discovered:
D:1:      psy_arrival_whirlpool, layout_loops_corners,
          chequers_serial_rivers_micro_e
D:2:      layout_loops_ring, ebering_ecumenical_altar_box, minmay_tromino_v7,
          uniq_jessica
D:3:      layout_loops_cross, lemuel_tele_altar, serial_shops, shop, shop,
          nicolae_shop_waterfront, minmay_gold_behind_fungi, uniq_sigmund,
          uniq_ijyb
D:4:      layout_basic, overflow_temple_1_default, serial_curves,
          eino_curves_01, eino_curves_01, minmay_quantized, uniq_eustachio
D:5:      lemuel_castle_with_subvaults [lemuel_castle_interior_carwin_2],
          layout_basic, mainiacjoe_overflow_concentric_impassable,
          minmay_statues_item, grunt_ministairs_13, st_stairs_5,
          item_on_display_a

Skill      XL: |  1  2  3  4  5  6  7  8 |
---------------+-------------------------+-----
Long Blades    | 3 11 | 11.8
Dodging        | 1 2 |  2.8
Spellcasting   | 7 8 |  8.0
Fighting       | 4 |  4.1

Action                   |  1- 3 |  4- 6 |  7- 9 || total
-------------------------+-------+-------+-------++-------
Melee: Falchion          |    35 |    22 |     9 ||    66
       Unarmed           |       |       |    14 ||    14
 Cast: Scorch            |    30 |     9 |    52 ||    91
       Poisonous Vapours |       |     1 |    35 ||    36
       Sandblast         |       |       |     6 ||     6
       Slow              |       |       |     3 ||     3
Invok: Foxfire Swarm     |       |       |     1 ||     1
  Use: Scroll            |       |     7 |     1 ||     8
       Potion            |       |     2 |       ||     2
 Stab: Sleeping          |       |       |     1 ||     1
Armor: Robe              |     7 |     3 |     2 ||    12
       Leather armour    |       |       |    10 ||    10
Dodge: Dodged            |    24 |    21 |    20 ||    65

Table legend: (Time is in decaauts)
 A = Elapsed time spent in this place.
 B = Non-inter-level travel time spent in this place.
 C = Inter-level travel time spent in this place.
 D = Time resting spent in this place.
 E = Time spent auto-exploring this place.
 F = Levels seen in this place.
 G = Mean time per level.
                   A        B        C        D        E       F      G
               +--------+--------+--------+--------+--------+-----+--------+
         Total |   5692 |   5519 |    173 |    187 |   4634 |   5 | 1138.4 |
       Dungeon |   5692 |   5519 |    173 |    187 |   4634 |   5 | 1138.4 |
               +--------+--------+--------+--------+--------+-----+--------+

Top non-repeatable levels by time:
     D:4: 1540 daAuts
     D:2: 1432 daAuts
     D:1: 1422 daAuts
     D:3: 1255 daAuts
     D:5: 41 daAuts
